 Dungeon Crawl Stone Soup version 0.21-a0-351-g38363bb (webtiles) character file.

34 Dfrag the Firebug (level 3, 17/24 HPs)
             Began as a Demonspawn Fire Elementalist on Oct 10, 2017.
             Quit the game on level 2 of the Dungeon.
             The game lasted 00:03:42 (760 turns).

Dfrag the Firebug (Demonspawn Fire Elementalist)     Turns: 760, Time: 00:03:42

Health: 17/24      AC:  3    Str:  8    XL:     3   Next: 14%
Magic:  1/6        EV: 12    Int: 17    God:
Gold:   41         SH:  0    Dex: 13    Spells: 6/7 levels left

rFire    . . .     SeeInvis .   (no weapon)
rCold    . . .     Gourm    .   (no shield)
rNeg     . . .     Faith    .   a - +0 robe
rPois    .         Spirit   .   e - +0 helmet (curse)
rElec    .         Reflect  .   (no cloak)
rCorr    .         Harm     .   (no gloves)
MR       .....                  (no boots)
Stlth    ++........             (no amulet)
HPRegen  0.08/turn              (no ring)
MPRegen  0.10/turn              (no ring)

@: quite poisoned (17 -> 10)
A: spiny 1, sturdy frame 1
a: no special abilities


You were on level 2 of the Dungeon.
You were not hungry.

You visited 1 branch of the dungeon, and saw 2 of its levels.

You collected 41 gold pieces.

Inventory:

Armour
 a - a +0 robe (worn)
 e - a cursed +0 helmet (worn)
Scrolls
 d - a scroll of blinking {unknown}
 f - 3 scrolls of identify {unknown}
Books
 b - a book of Flames

   Spells                             Type                      Level
   a - Flame Tongue                   Conjuration/Fire             1
   b - Throw Flame                    Conjuration/Fire             2
   c - Conjure Flame                  Conjuration/Fire             3
   d - Inner Flame                    Hexes/Fire                   3
   e - Sticky Flame                   Conjuration/Fire             4
   f - Fireball                       Conjuration/Fire             5
Comestibles
 c - 2 bread rations
 g - a chunk of flesh


   Skills:
 - Level 1.7 Dodging
 - Level 1.7 Stealth
 + Level 2.5 Spellcasting
 + Level 1.9 Conjurations
 + Level 3.1 Fire Magic


You had 6 spell levels left.
You knew the following spells:

 Your Spells              Type           Power        Failure   Level  Hunger
a - Flame Tongue          Conj/Fire      ##...        6%          1    #......


Dungeon Overview and Level Annotations

Branches:
Dungeon (2/15)

Altars:

Annotations:
D:2 Natasha


Innate Abilities, Weirdness & Mutations

You are partially covered in sharp spines.
Your movements are slightly less encumbered by armour. (ER -2)


Message History

Aiming: Flame Tongue
Press: ? - help, Shift-Dir - straight line, f/p - adder
Aim: an adder (moderately wounded)
The flame tongue hits the adder.
You kill the adder!
You have reached level 3!
Your experience leads to an increase in your attributes!
Increase (S)trength, (I)ntelligence, or (D)exterity?
You feel clever.
Your demonic ancestry asserts itself...
Sharp spines emerge from parts of your body.
You feel sick.
Found a royal jelly.
You see here an adder corpse.
You butcher the adder corpse.
You feel sick.
g - a chunk of flesh You aren't carrying any potions.
You feel sick.
Okay, then.
Unknown command.
Are you sure you want to abandon this character and quit the game? (Confirm with "yes".)

##########
#.....%..#
#..(.....#
#..8..8..#
#........#
#........#
#..8..8..#
#...@.!..#
#........#
####''#####
#..#... ##)##..
#...#.# #...#.#
#########...#.#
#.............#


There were no monsters in sight!

Vanquished Creatures
  An adder (D:2)
  2 dart slugs (D:1)
  A giant cockroach (D:2)
  5 hobgoblins
  3 kobolds (D:1)
  2 bats
  3 frilled lizards (D:1)
  4 rats
21 creatures vanquished.

Notes
Turn   | Place    | Note
-------+----------+-------------------------------------------
     0 | D:1      | Dfrag the Demonspawn Fire Elementalist began the quest for the Orb.
     0 | D:1      | Reached XP level 1. HP: 13/13 MP: 3/3
   173 | D:1      | Gained mutation: Your movements are slightly less encumbered by armour. (ER -2) [demonic ancestry]
   173 | D:1      | Reached XP level 2. HP: 8/19 MP: 0/5
   394 | D:1      | Reached skill level 3 in Fire Magic
   625 | D:2      | Noticed Natasha
   755 | D:2      | Gained mutation: You are partially covered in sharp spines. [demonic ancestry]
   755 | D:2      | Reached XP level 3. HP: 19/24 MP: 1/6
   760 | D:2      | Quit the game

Vault maps used:
D:1:      wheals_arrival_shading
D:2:      first_bread, kennysheep_generic_room_6, uniq_natasha, uniq_sigmund

Skill      XL: |  1  2 |
---------------+-------+-----
Fire Magic     | 3 |  3.1
Dodging        | |  1.7
Stealth        | |  1.7
Spellcasting   | |  2.5
Conjurations   | |  1.9

Action                   || total
-------------------------++-------
Melee: Unarmed           ||    16
 Cast: Flame Tongue      ||    32
Armor: Robe              ||     8
Dodge: Dodged            ||    12

Table legend:
 A = Spawn XP
 B = Non-spawn XP
 C = Spawn XP percentage of total XP
 D = Spawn monster count
 E = Non-spawn monster count
 F = Spawn count percentage of total count
 G = Total turns spent on level
                    A         B        C        D         E        F      G
               +---------+---------+-------+---------+---------+-------+---------
         Total |       0 |      49 |   0.0 |       0 |      21 |   0.0 |   760
               +---------+---------+-------+---------+---------+-------+---------
           D:1 |       0 |      28 |   0.0 |       0 |      16 |   0.0 |   662
           D:2 |       0 |      21 |   0.0 |       0 |       5 |   0.0 |    98
               +---------+---------+-------+---------+---------+-------+---------
